 Dungeon Crawl Stone Soup version 0.14-a0-2091-gca92d1a (webtiles) character file.

2965 HollowCharge the Chopper (level 10, -3/68 HPs)
             Began as a Formicid Fighter on Jan 25, 2014.
             Was an Initiate of Okawaru.
             Slain by a hill giant
             ... wielding a +0,+0 giant club
              (21 damage)
             ... on Level 6 of the Dungeon.
             The game lasted 00:33:54 (6269 turns).

HollowCharge the Chopper (Formicid Fighter)         Turns: 6269, Time: 00:33:54

HP  -3/68        AC 20     Str 25      XL: 10   Next: 17%
MP  10/10        EV  4     Int  7      God: Okawaru [......]
Gold 263         SH 22     Dex 10      Spells:  0 memorised,  9 levels left

rFire  . . .     SeeInvis +     o - +2,+3 war axe
rCold  . . .     Clarity  .     k - +2 plate armour
rNeg   . . .     Conserve .     p - +1 shield
rPois  x         rCorr    .     (helmet unavailable)
rElec  .         rRot     .     l - +2 elf cloak
SustAb . .       Spirit   .     x - +0 pair of elf gloves
rMut   .         Warding  .     (no boots)
Saprov . . .     Stasis   +     (no amulet)
MR     ++...                    (no ring)
                                n - ring of protection from magic

@: very resistant to hostile enchantments, extremely unstealthy
A: permanent stasis, dig shafts and tunnels, four strong arms, poison weakness,
antennae 3, exoskeleton 1
a: Dig, Shaft Self, Renounce Religion


You were on level 6 of the Dungeon.
You worshipped Okawaru.
Okawaru was noncommittal.
You were not hungry.

You visited 2 branches of the dungeon, and saw 7 of its levels.

You collected 263 gold pieces.

Inventory:

Hand weapons
 j - a +0,+1 dwarven war axe
 o - a +2,+3 war axe (weapon)
Armour
 c - a +0 shield
 k - a +2 plate armour (worn)
 l - a +2 elven cloak (worn)
 p - a +1 shield (worn)
 x - a +0 pair of elven gloves (worn)
 y - a +1 ring mail of cold resistance
Magical devices
 f - a wand of flame (4)
Comestibles
 d - 4 bread rations
 i - a choko
 m - 2 meat rations
 t - a beef jerky
 A - 2 honeycombs
 C - 3 chunks of black bear flesh
Scrolls
 a - 2 scrolls of noise {unknown}
 e - 2 scrolls of remove curse
 s - 2 scrolls of identify
 v - a scroll of enchant weapon I {unknown}
 B - a scroll of curse jewellery {unknown}
Jewellery
 n - a ring of protection from magic (left hand)
 q - an uncursed amulet of conservation {unknown}
 w - an uncursed ring of protection from cold {unknown}
Potions
 b - a potion of agility {unknown}
 g - 4 potions of curing
 h - 2 potions of restore abilities {unknown}
 r - a potion of poison {unknown}
 u - a potion of berserk rage {unknown}
 z - a potion of resistance {unknown}


   Skills:
 + Level 6.1 Fighting
 * Level 7.4 Axes
 + Level 7.3 Armour
 + Level 4.7 Dodging
 + Level 6.1 Shields


You had 9 spell levels left.
You didn't know any spells.

Dungeon Overview and Level Annotations

Branches:
Dungeon (6/16)             Temple (1/1) D:6

Altars:
Cheibriados
Dithmengos
Elyvilon
Fedhas
Nemelex Xobeh
Okawaru
Trog
Xom
Yredelemnul

Shops:
D:4 [

Annotations:
D:2 Sigmund


Innate Abilities, Weirdness & Mutations

Your are under a permanent stasis effect.
You can dig through walls and to a lower floor.
Your four strong arms can wield any weapon, most with a shield.
You are susceptible to poison.
You have a pair of large antennae on your head (SInv).
Your body is surrounded by an exoskeleton. (AC +1)


Message History

The hill giant hits you with a giant club!
You hit the hill giant but do no damage.
The hill giant is moderately wounded.
The hill giant hits you but does no damage.
You hit the hill giant.
The hill giant is moderately wounded.
You slash the hill giant!
The hill giant is heavily wounded.
The hill giant hits you with a giant club!
* * * LOW HITPOINT WARNING * * *
You hit the hill giant but do no damage.
The hill giant is heavily wounded.
You block the hill giant's attack.
You hit the hill giant.
The hill giant is heavily wounded.
You block the hill giant's attack.
You slash the hill giant!
The hill giant is severely wounded.
The hill giant hits you with a giant club!
You die...

#.#.#
#.....#
..#.#
#.###.##
###.# #.#
#..# ....#
#.###..#
#####
#......#
######.# #.#
#.#
...#####@#
.....>.C.##
.▓..#..▓..#
.▓▓...▓▓...#
▓▓▓.▓▓▓....#
.▓▓.▓▓.▓▓▓.#
▓.▓.▓.▓▓▓..#
####..
▓▓.▓▓▓▓..##
#.. ...
.8.....##


You could see a hill giant.

Vanquished Creatures
  3 wolves (D:5)
  An ice beast (D:6)
  A sky beast (D:5)
  A black bear (D:6)
  A phantom (D:4)
  2 ogres
  A centaur (D:6)
  2 giant frogs (D:6)
  5 gnoll sergeants (D:5)
  A crimson imp (D:5)
  9 hounds (D:5)
  A quasit (D:5)
  A jelly (D:5)
  3 orc priests
  3 orc wizards
  A gnoll shaman (D:5)
  3 worker ants
  A centaur skeleton (D:6)
  2 iguanas (D:5)
  2 scorpions
  Jessica (D:3)
  26 gnolls
  6 adders
  3 worms
  An iguana zombie (D:5)
  A giant gecko (D:1)
  2 oozes
  33 orcs
  A bat skeleton (D:5)
  2 giant cockroaches
  10 hobgoblins
  15 jackals
  2 quokkas
  A ball python (D:4)
  9 bats
  3 giant newts
  A gnoll skeleton (D:5)
  10 goblins
  A hobgoblin skeleton (D:5)
  11 kobolds
  A kobold zombie (D:5)
  10 rats
  2 butterflies (D:5)
196 creatures vanquished.

Notes
Turn   | Place    | Note
--------------------------------------------------------------
     0 | D:1      | HollowCharge, the Formicid Fighter, began the quest for the Orb.
     0 | D:1      | Reached XP level 1. HP: 16/16 MP: 1/1
    57 | D:1      | Reached XP level 2. HP: 21/21 MP: 2/2
   257 | D:1      | Reached XP level 3. HP: 23/26 MP: 3/3
   979 | D:2      | Reached skill level 4 in Armour
   979 | D:2      | Reached XP level 4. HP: 14/31 MP: 4/4
   982 | D:2      | Reached skill level 1 in Dodging
  1182 | D:2      | Noticed Sigmund
  1568 | D:3      | Found a shadowy altar of Dithmengos.
  1800 | D:3      | Reached XP level 5. HP: 31/36 MP: 5/5
  1907 | D:3      | Noticed Jessica
  1919 | D:3      | Killed Jessica
  2558 | D:4      | Reached XP level 6. HP: 34/43 MP: 6/6
  2890 | D:4      | Noticed a phantom
  2906 | D:4      | Killed a phantom
  2906 | D:4      | Reached skill level 5 in Armour
  2906 | D:4      | Reached XP level 7. HP: 30/48 MP: 7/7
  3266 | D:4      | Found Ikaqo's Armour Emporium.
  3267 | D:4      | Noticed an ogre
  3460 | D:4      | Killed an ogre
  3517 | D:5      | Entered Level 5 of the Dungeon
  3561 | D:5      | Reached XP level 8. HP: 42/54 MP: 8/8
  3906 | D:5      | Reached skill level 5 in Axes
  4458 | D:5      | Found a white marble altar of Elyvilon.
  4550 | D:5      | Noticed a wolf
  4552 | D:5      | Reached skill level 5 in Shields
  4553 | D:5      | Reached skill level 5 in Fighting
  4563 | D:5      | Killed a wolf
  4570 | D:5      | Reached skill level 6 in Armour
  4570 | D:5      | Reached XP level 9. HP: 42/61 MP: 9/9
  5167 | D:5      | Noticed a wolf
  5181 | D:5      | Killed a wolf
  5393 | D:5      | Noticed a wolf
  5398 | D:5      | Killed a wolf
  5694 | D:6      | Reached skill level 7 in Axes
  5723 | D:6      | Reached XP level 10. HP: 68/68 MP: 10/10
  5741 | D:6      | Found a shadowy altar of Dithmengos.
  5941 | D:6      | Found a staircase to the Ecumenical Temple.
  5984 | Temple   | Entered the Ecumenical Temple
  6031 | Temple   | Became a worshipper of Warmaster Okawaru
  6245 | D:6      | Noticed a hill giant
  6269 | D:6      | Slain by a hill giant

Action                   |  1- 3 |  4- 6 |  7- 9 | 10-12 || total
-------------------------+-------+-------+-------+-------++-------
Melee: Hand axe          |    70 |       |       |       ||    70
       War axe           |    21 |   175 |   355 |    65 ||   616
  Use: Scroll            |     8 |     5 |     1 |       ||    14
       Potion            |       |       |     1 |       ||     1
